Map: Orbital Shipyard

Players

Pokebunny

  • Race: Zerg Zerg

Pseudorandom - Winner!

VOD

Have the link to the VOD?

Description

Time

  • Played on: March 31, 2015, 11:03 p.m.
  • Length: 9:09
Show
View Real Time Build Order
Export as new Build Order

Pokebunny Zerg 

Build Orders: 2 Base Ravager, Hatch First 

Get SALT Encoding   

  12  0:01  Drone  
  13  0:13  Overlord  
  13  0:24  Drone  
  14  0:44  Hatchery  
  13  0:54  Drone x2  
  13  0:55  Drone  
  16  1:00  Extractor  
  15  1:17  Drone, Spawning Pool  
  15  1:19  Drone  
  16  1:40  Overlord  
  16  1:41  Drone  
  17  2:04  Metabolic Boost  
  17  2:05  Zergling x2  
  17  2:06  Zergling x4  
  20  2:08  Drone  
  20  2:10  Queen  
  23  2:15  Queen  
  25  2:35  Drone x2  
  25  2:36  Drone x3  
  30  2:40  Zergling x2  
  31  2:47  Baneling Nest  
  30  2:56  Queen  
  32  3:02  Drone x2  
  34  3:30  Roach Warren  
  34  3:31  Overlord x2  
  34  3:32  Drone x2  
  33  3:58  Zergling x10  
  33  3:59  Zergling x8  
  41  4:05  Overlord x2, Zergling x2  
  41  4:06  Zergling x8  
  41  4:08  Zergling x2  
  44  4:19  Roach  
  44  4:20  Roach  
  48  4:25  Drone, Extractor  
  48  4:26  Drone  
  49  4:36  Drone x2  
  49  4:37  Drone x2  
  53  4:43  Roach x2  
  56  4:48  Drone x2  
  56  4:51  Ravager x2  
  56  5:07  Overlord x2, Roach x2  
  56  5:12  Extractor  
  56  5:13  Drone x2  
  56  5:14  Drone x2  
  61  5:18  Ravager x2  
  63  5:39  Roach x2  
  63  5:41  Zergling x16  
  71  5:58  Roach  
  71  5:59  Roach x4  
  71  6:00  Ravager  
  71  6:02  Ravager  
  71  6:03  Overlord  
  83  6:30  Lair  
  79  6:32  Roach  
  79  6:33  Roach x2, Zergling x2  
  66  6:51  Ravager x3  
  61  6:54  Drone  
  61  6:55  Drone x5, Spore Crawler, Extractor  
  61  6:57  Spore Crawler  
  61  6:58  Spore Crawler  
  61  6:59  Ravager  
  64  7:10  Ravager  
  64  7:12  Ravager  
  64  7:15  Overlord x2  
  66  7:21  Overlord x4  
  65  7:49  Hydralisk Den  
  59  8:08  Overlord x3  
  59  8:09  Overlord x2  
  57  8:19  Overlord x2  
  57  8:26  Queen x2  
  61  8:31  Hydralisk  
  61  8:32  Hydralisk x4  
  68  8:44  Hydralisk x2  
Show
View Real Time Build Order
Export as new Build Order

Pseudorandom Zerg - Winner!

Build Orders: 2 Base Muta, Pool First 

Get SALT Encoding   

  12  0:01  Drone  
  13  0:08  Drone  
  14  0:17  Drone, Extractor  
  14  0:31  Spawning Pool  
  14  0:35  Drone  
  14  0:44  Overlord  
  14  1:02  Drone x3  
  17  1:15  Drone  
  17  1:18  Metabolic Boost  
  18  1:24  Queen  
  20  1:30  Zergling x2  
  21  1:39  Drone  
  22  1:51  Hatchery  
  21  1:55  Drone  
  21  1:59  Overlord  
  22  2:19  Drone, Baneling Nest  
  22  2:20  Drone  
  23  2:35  Drone x5  
  28  2:44  Overlord  
  28  2:58  Overlord  
  28  3:03  Zergling x2  
  29  3:06  Zergling x2  
  29  3:09  Zergling x8  
  34  3:15  Zergling x2  
  34  3:16  Queen  
  36  3:24  Lair  
  36  3:28  Extractor  
  35  3:37  Baneling  
  35  3:38  Baneling  
  35  3:41  Drone x3  
  35  3:42  Drone x4  
  35  3:44  Drone  
  41  4:00  Drone  
  41  4:01  Drone x2  
  41  4:07  Drone x3  
  41  4:08  Extractor  
  43  4:13  Zergling x8  
  46  4:18  Zergling x4  
  48  4:25  Spire  
  48  4:28  Drone, Extractor  
  47  4:35  Drone  
  47  4:37  Drone x4  
  52  4:43  Baneling  
  51  4:45  Overlord  
  51  4:59  Zergling x2  
  49  5:00  Zergling x6  
  49  5:05  Zergling x8  
  54  5:11  Baneling x2  
  54  5:19  Spine Crawler, Zergling x10  
  57  5:29  Zergling x4  
  59  5:36  Spine Crawler x2  
  59  5:37  Overlord x2  
  54  5:45  Overlord x2  
  45  5:57  Mutalisk  
  45  5:58  Mutalisk x5  
  45  6:04  Mutalisk  
  54  6:07  Queen  
  54  6:09  Zergling x8  
  62  6:11  Zergling x2  
  62  6:16  Zergling x2  
  64  6:20  Zerg Flyer Weapons Level 1  
  64  6:24  Mutalisk  
  66  6:32  Mutalisk  
  63  6:34  Zergling x10  
  64  6:45  Zergling x10  
  68  6:57  Drone x2  
  70  7:12  Mutalisk x4  
  70  7:14  Overlord  
  70  7:15  Drone x2  
  75  7:30  Mutalisk x2  
  75  7:33  Hatchery  
  73  7:39  Mutalisk  
  75  7:55  Mutalisk x2  
  79  7:59  Drone  
  79  8:00  Drone x3  
  79  8:02  Drone x4  
  87  8:15  Drone x5  
  92  8:32  Overlord x2  
  92  8:34  Extractor  
  92  8:38  Extractor  
  96  8:56  Drone x5  
  103  9:07  Spine Crawler  
Tags
 
Add a new tag
Caveats
  • Supply blocks, unpowered buildings, or Contaminate may cause inaccurate times.
  • Supply counts are checked every 10 seconds.